cohdb
Replays
Latest Replays
All Replays
Popular Replays
Top Player Replays
Match Explorer
How It Works
Community
CoH3 Stats
Reddit
Sign in to upload your games and track your stats! →
Sign in with Steam
Match 46504994
Unlisted
Match 46504994
Overview
Messages
Build Orders
End
Selects Australian Defense Battlegroup
Selects Australian Light Infantry Section
Australian Light Infantry Section
Royal Engineer Section
Construct Section Command Post
Infantry Section
Dingo Light Scout Car
Infantry Section
Construct Platoon Command Post
Selects 2-pounder Anti-tank Gun Team
Humber Armored Car
Construct Field Infirmary
Construct Company Command Post
Selects Vehicle Over Repair
Foot Guards Section
Crusader II Medium Tank
Grenade Package
Selects CMP 15cwt Supply Run
Selects Reinforced Resource Caches
Crusader II Medium Tank
Royal Engineer Section
Crusader II Medium Tank
Crusader II Medium Tank
Armored Vehicle Training
Selects Archer Tank Destroyer
Archer Tank Destroyer
Mamma Li Turchi
MasterStef
0
0
Comments
sign in to comment!
No comments posted yet!